 Dungeon Crawl Stone Soup version 0.31-a0-846-gb3bcc0d938 (webtiles) character file.

Game seed: 11646914622708583597

2703 javelincjr the Changeling (level 9, -1/81 HPs)
             Began as an Octopode Shapeshifter on Oct 3, 2023.
             Was a Follower of Hepliaklqana.
             Slain by an orc warrior
             ... wielding a +0 battleaxe
              (12 damage)
             ... in a bailey.
             The game lasted 00:24:14 (7520 turns).

javelincjr the Changeling (Octopode Shapeshifter)   Turns: 7520, Time: 00:24:15

Health: -1/81      AC: 24    Str: 21    XL:     9   Next: 65%
Magic:  15/15      EV:  2    Int: 15    God:    Hepliaklqana [*.....]
Gold:   424        SH:  0    Dex: 11    Spells: 11/16 levels left

rFire   . . .        o - +0 whip (flame)
rCold   + . .        (no shield)
rNeg    . . .        (helmet currently unavailable)
rPois   +            (no amulet)
rElec   .            q - ring of wizardry
rCorr   .            t - ring "Semo" {rPois Str+3 Int+3 Stlth+}
SInv    .            J - ring of protection from cold
Will    .....        (no ring)
Stlth   ++           (no ring)
HPRegen 0.33/turn    (no ring)
MPRegen 0.14/turn    (no ring)
                     (no ring)

%: wizardry (x1)
@: tree-form, attractive
A: stationary, stasis, torment immunity, boosted hp, reduced essence, almost no
armour, (amphibious), 8 rings, (camouflage 1), (gelatinous body 1), (nimble
swimmer 1), (tentacles)
a: Renounce Religion, Recall Ancestor, Ancestor Identity


You were in a bailey.
You worshipped Hepliaklqana.
Hepliaklqana was aware of your devotion.
You were a tree.
You visited 2 branches of the dungeon, and saw 8 of its levels.
You also visited: Sewer and Bailey.

You collected 424 gold pieces.

Inventory:

Hand Weapons
 a - a +3 sling
 b - a +1 dagger of venom
 o - a +0 whip of flaming (weapon)
Missiles
 A - 12 boomerangs
 C - 3 poisoned darts
 K - 6 darts of dispersal
Armour
 E - an orb of energy
Jewellery
 k - an amulet of faith
 q - a ring of wizardry (left branch)
 t - the ring "Semo" (right branch) {rPois Str+3 Int+3 Stlth+}
   (You found it on level 3 of the Dungeon)

   [ring of poison resistance]

   Str+3:     It affects your strength (+3).
   Int+3:     It affects your intelligence (+3).
   rPois:     It protects you from poison Stlth+: It makes you more stealthy.
 G - an amulet of guardian spirit
 J - a ring of protection from cold (on tentacle)
Talismans
 c - a flux talisman
 e - a maw talisman
 g - a beast talisman
Wands
 s - a wand of charming (15)
 D - a wand of polymorph (11)
Scrolls
 d - a scroll of summoning {unknown}
 f - 4 scrolls of teleportation {unknown}
 h - a scroll of enchant armour {unknown}
 m - 4 scrolls of blinking {unknown}
 p - 3 scrolls of fear {unknown}
 u - 3 scrolls of poison {unknown}
 w - a scroll of enchant weapon {unknown}
 y - 3 scrolls of fog {unknown}
 z - a scroll of revelation {unknown}
 B - a scroll of acquirement
 I - 2 scrolls of identify {unknown}
Potions
 i - a potion of attraction
 j - a potion of heal wounds {unknown}
 l - a potion of haste {unknown}
 n - 2 potions of berserk rage
 r - 5 potions of curing
 x - 2 potions of mutation {unknown}
 F - a potion of ambrosia {unknown}
 H - a potion of enlightenment {unknown}


   Skills:
 + Level 5.1 Fighting
 + Level 5.4 Dodging
 + Level 5.8 Unarmed Combat
 + Level 4.1 Spellcasting
 + Level 2.2 Air Magic
 + Level 2.4 Invocations
 * Level 7.3 Shapeshifting


You had 11 spell levels left.
You knew the following spells:

 Your Spells              Type           Power      Damage    Failure   Level
a - Searing Ray           Conj           6%         2d4       11%         2
b - Swiftness             Air            9%         N/A       9%          3

Your spell library contained the following spells:

 Spells                   Type           Power      Damage    Failure   Level
 Shock                    Conj/Air       24%        1d4       4%          1
 Magic Dart               Conj           12%        1d3       8%          1
 Airstrike                Air            4%         2d(1-17)  26%         4
 Fulminant Prism          Conj/Hex       1%         3d5       54%         4
 Malign Gateway           Summ/Tloc      1%         N/A       100%        7
 Summon Horrible Things   Summ           1%         N/A       100%        8


Dungeon Overview and Level Annotations

Branches:
Dungeon (7/15)             Temple (1/1) D:4           Sewer (visited)
 Bailey (1/1)

Altars:
Ashenzari
Cheibriados
Dithmenos
Elyvilon
Fedhas
Gozag
Hepliaklqana
Kikubaaqudgha
Makhleb
Nemelex Xobeh
Qazlal
Ru
Trog
Uskayaw
Vehumet
Wu Jian
Xom
Yredelemnul
Zin
The Shining One


Innate Abilities, Weirdness & Mutations

You are a tree.
Your roots penetrate the ground, keeping you stationary.
You cannot be teleported.
You are immune to unholy pain and torment.
Your maximum health is greatly increased.
Your life essence is reduced to manifest your ancestor. (-10% HP)
You cannot wear most types of armour.
((You are amphibious.))
You can wear up to eight rings at the same time.
((Your skin changes colour to match your surroundings (Stealth+).))
((Your rubbery body absorbs attacks. (AC +1, EV +1)))
((You are camouflaged when in or above water. (Stealth+)))
((You have tentacles for arms and can constrict up to eight enemies at once.))


Message History

The orc warrior closely misses Amyrtaeus.
You enter the shallow water.
Amyrtaeus hits the orc warrior.
The orc warrior closely misses Amyrtaeus.
Amyrtaeus hits the orc warrior but does no damage.
The orc warrior barely misses Amyrtaeus.
Amyrtaeus hits the orc warrior.
The orc warrior hits Amyrtaeus with a +0 war axe!!
Amyrtaeus is destroyed!
The orc warrior shouts!
Aiming: Charm
Press: ? - help, Q - select action, (/) - cycle Shift-Dir - straight line, f - orc warrior
Aim: an orc warrior, wielding a +0 battleaxe and wearing a +0 plate armour (chance to affect: 49%)
The orc warrior resists with some effort.
You hit the orc warrior. You burn the orc warrior.
You kill the orc warrior!
The orc warrior misses you.
You enter the shallow water.
The orc warrior hits you with a +0 battleaxe!
* * * LOW HITPOINT WARNING * * *
It was a potion of attraction.
You feel attractive to monsters.
The orc warrior is attracted toward you.
The orc is attracted toward you.
It was a potion of curing.
You feel better.
The orc warrior hits you with a +0 battleaxe!
* * * LOW HITPOINT WARNING * * *
Your transformation has ended.
You turn into a tree.
Your roots penetrate the ground.
The orc warrior splashes around in the water.
You hit the orc warrior but do no damage.
The orc warrior barely misses you.
You feel better.
The orc warrior hits you with a +0 battleaxe.
* * * LOW HITPOINT WARNING * * *
The orc hits you but does no damage.
You hit the orc warrior but do no damage.
The orc warrior hits you but does no damage.
The orc hits you but does no damage.
The orc warrior hits you with a +0 battleaxe!
You die...

)....# ♣## ....#
♣.## ...# ♣♣..###(#
♣...~~~.# ♣♣...~~~.#
♣∩...~~~)#
♣♣...o~~.# ....
♣..♣o~~.# 8...8..
♣♣..###)#~.........~
♣.##...# :?8...8?)~
♣##....## ~#####~~
##...)..####...####
#..................
#..8..8..).........
#.........).....)..
♣##.........÷...)...


You could see an orc warrior and an orc.

Vanquished Creatures
  Pikel (D:5)
  A water moccasin (D:5)
  A black bear (D:7)
  4 orc warriors
  An ice beast (D:7)
  3 ogres
  3 lemures (D:5)
  Blork the orc (D:5)
  2 bullfrogs (D:7)
  3 scorpions (D:5)
  3 killer bees (D:5)
  2 vampire bats (D:4)
  2 hounds
  A jelly (D:5)
  A sleepcap (D:5)
  2 orc wizards
  4 iguanas
  A gnoll (Bailey)
  2 river rats
  14 adders
  A shadow imp (D:7)
  2 white imps
  3 ufetubi
  A worm (D:4)
  2 dart slugs
  20 orcs
  3 bats
  2 bat skeletons (D:4)
  4 bat zombies (D:4)
  5 endoplasms
  3 giant cockroaches
  10 goblins
  8 hobgoblins
  4 jackals
  12 kobolds
  4 quokkas
  6 ball pythons
  3 frilled lizards (Sewer)
  11 rats
156 creatures vanquished.

Vanquished Creatures (collateral kills)
  An ogre (D:6)
  A scorpion (D:6)
  An iguana (D:6)
  An adder (D:6)
  2 shadow imps
  A white imp (D:6)
  3 orcs (D:6)
  2 hobgoblins (Bailey)
  A kobold (Bailey)
  A goblin (D:7)
14 creatures vanquished.

Vanquished Creatures (others)
  3 ancestors
3 creatures vanquished.

Grand Total: 173 creatures vanquished

Notes
Turn   | Place    | Note
-------+----------+-------------------------------------------
     0 | D:1      | javelincjr the Octopode Shapeshifter began the quest for
                  | the Orb.
     0 | D:1      | Reached XP level 1. HP: 13/13 MP: 1/1
   294 | D:1      | Reached XP level 2. HP: 18/18 MP: 2/2
   746 | D:2      | Reached XP level 3. HP: 23/23 MP: 3/3
  1372 | D:2      | Reached XP level 4. HP: 28/29 MP: 4/4
  1810 | D:3      | Found a blossoming altar of Fedhas.
  1812 | D:3      | Found a glowing golden altar of the Shining One.
  2125 | D:3      | Identified the ring "Semo" {rPois Str+3 Int+3 Stlth+}
  2249 | D:4      | Reached skill level 4 in Shapeshifting
  2482 | D:4      | Reached skill level 1 in Spellcasting
  2482 | D:4      | Reached XP level 5. HP: 32/34 MP: 6/6
  2527 | D:4      | Found a staircase to the Ecumenical Temple.
  2542 | Temple   | Entered the Ecumenical Temple
  2550 | Temple   | Became a worshipper of Hepliaklqana the Forgotten
  2884 | D:4      | Found a glowing drain.
  2888 | Sewer    | Entered a sewer
  3489 | D:4      | Reached XP level 6. HP: 18/41 MP: 8/8
  3577 | D:4      | Found a glowing silver altar of Zin.
  3944 | D:4      | Found an ancient bone altar of Kikubaaqudgha.
  4212 | D:5      | Entered Level 5 of the Dungeon
  4217 | D:5      | Noticed a water moccasin
  4223 | D:5      | Killed a water moccasin
  4224 | D:5      | Reached skill level 5 in Shapeshifting
  4224 | D:5      | Reached XP level 7. HP: 33/46 MP: 8/10
  4836 | D:5      | Noticed Pikel
  4964 | D:5      | Killed Pikel
  4965 | D:5      | Reached skill level 6 in Shapeshifting
  4965 | D:5      | Reached XP level 8. HP: 32/54 MP: 10/12
  5078 | D:5      | Reached skill level 5 in Unarmed Combat
  5423 | D:5      | Noticed Blork the orc
  5432 | D:5      | Killed Blork the orc
  5515 | D:5      | Learned a level 2 spell: Searing Ray
  5519 | D:5      | Learned a level 3 spell: Swiftness
  5693 | D:6      | Reached * piety under Hepliaklqana
  6338 | D:6      | Reached skill level 1 in Air Magic
  6338 | D:6      | Reached skill level 1 in Invocations
  6338 | D:6      | Reached XP level 9. HP: 40/53 MP: 14/14
  6411 | D:6      | Found a bloodstained altar of Trog.
  6533 | D:6      | Reached skill level 5 in Dodging
  6784 | D:7      | Reached skill level 7 in Shapeshifting
  7150 | D:7      | Found a flagged portal.
  7164 | Bailey   | Entered a bailey
  7265 | Bailey   | Reached skill level 5 in Fighting
  7310 | Bailey   | Noticed an orc warlord
  7520 | Bailey   | Slain by an orc warrior

Illustrated notes

Levels and vault maps discovered:
D:1:      mainiacjoe_arrival_reflecting_pool, layout_basic, interstate_on_off
D:2:      layout_basic, chequers_serial_rivers_micro_a
D:3:      layout_loops_cross, chequers_temple_overflow_statue_of_worship
D:4:      nicolae_cairo_tiling_very_big, layout_basic,
          mainiacjoe_overflow_small_starburst, kennysheep_vampire_church,
          minmay_temple_entry_nine_rooms, gup_sewer_entry_spiral
D:5:      layout_basic, uniq_pikel, uniq_blork_the_orc
D:6:      layout_loops_ring, trog_butcher_becter
D:7:      layout_basic, mainiacjoe_overflow_cross_hatched, enter_bailey_3,
          kennysheep_generic_room_3
Temple:   nicolae_temple_no_exploring_needed
Bailey:   bailey_axe_bossmonster_kennysheep, bailey

Skill      XL: |  1  2  3  4  5  6  7  8  9 |
---------------+----------------------------+-----
Shapeshifting  | 4 5 6 7 |  7.3
Fighting       | 2 3 4 5 |  5.1
Spellcasting   | 1 2 3 4 |  4.1
Dodging        | 3 4 5 |  5.4
Unarmed Combat | 4 5 |  5.8
Air Magic      | 1 2 |  2.2
Invocations    | 1 2 |  2.4

Action                     |  1- 3 |  4- 6 |  7- 9 || total
---------------------------+-------+-------+-------++-------
  Melee: Unarmed           |    60 |    97 |    42 ||   199
         Constrict         |    14 |    28 |    28 ||    70
         Tentacles         |     8 |    17 |    42 ||    67
         Punch             |     3 |     1 |     7 ||    11
         Whip              |       |       |    36 ||    36
         Dagger            |       |       |    48 ||    48
   Fire: Sling             |       |    13 |    79 ||    92
  Throw: Dart              |       |     9 |     9 ||    18
  Evoke: Wand              |       |       |     1 ||     1
    Use: Potion            |       |       |     5 ||     5
   Stab: Sleeping          |     7 |     9 |     8 ||    24
         Distracted        |       |     2 |     1 ||     3
 Armour: Skin              |    20 |    42 |    78 ||   140
  Dodge: Dodged            |    27 |    56 |    77 ||   160

Table legend: (Time is in decaauts)
 A = Elapsed time spent in this place.
 B = Non-inter-level travel time spent in this place.
 C = Inter-level travel time spent in this place.
 D = Time resting spent in this place.
 E = Time spent auto-exploring this place.
 F = Levels seen in this place.
 G = Mean time per level.
                   A        B        C        D        E       F      G
               +--------+--------+--------+--------+--------+-----+--------+
         Total |   7543 |   7340 |    203 |    495 |   5240 |  10 |  754.3 |
       Dungeon |   6669 |   6466 |    203 |    341 |   4810 |   7 |  952.7 |
        Temple |     16 |     16 |      0 |      0 |      0 |   1 |   16.0 |
         Sewer |    478 |    478 |      0 |      2 |    346 |   1 |  478.0 |
        Bailey |    379 |    379 |      0 |    152 |     84 |   1 |  379.0 |
               +--------+--------+--------+--------+--------+-----+--------+

Top non-repeatable levels by time:
     D:4: 1522 daAuts
     D:5: 1407 daAuts
     D:6: 993 daAuts
     D:2: 959 daAuts
     D:1: 652 daAuts
     D:3: 570 daAuts
     D:7: 562 daAuts
   Sewer: 478 daAuts
  Bailey: 379 daAuts
  Temple: 16 daAuts
